 Dungeon Crawl Stone Soup version 0.30.0-29-ga12c61a403 (webtiles) character file.

Game seed: 11252383376542089256

27 LynnLen the Conjurer (level 2, 0/3 (25) HPs)
             Began as a Draconian Reaver on June 8, 2023.
             Slain by a hobgoblin (3 damage)
             ... on level 2 of the Dungeon.
             The game lasted 00:04:15 (856 turns).

LynnLen the Conjurer (Draconian Reaver)              Turns: 856, Time: 00:04:17

HP:   0/3 (25)      AC:  7    Str: 14    XL:     2   Next: 93%
MP:   5/5           EV: 12    Int: 13    God:
Gold: 56            SH:  0    Dex:  9    Spells: 4/5 levels left

rFire   . . .        a - +0 falchion
rCold   . . .        (no shield)
rNeg    . . .        (body armour unavailable)
rPois   .            (helmet restricted)
rElec   .            (no cloak)
rCorr   .            (no gloves)
SInv    .            d - +2 pair of boots
Will    .....        k - amulet of regeneration
Stlth   +            (no ring)
HPRegen 1.00/turn    (no ring)
MPRegen 0.09/turn

%: no passive effects
@: extremely drained
A: AC +4, unfitting armour, cold-blooded
a: no special abilities


You were on level 2 of the Dungeon.
You visited 1 branch of the dungeon, and saw 2 of its levels.

You collected 56 gold pieces.

Inventory:

Hand Weapons
 a - a +0 falchion (weapon)
Armour
 d - a +2 pair of boots (worn)
Jewellery
 g - a ring of fire
 k - an amulet of regeneration (around neck)
Scrolls
 b - a scroll of teleportation {unknown}
 e - a scroll of summoning
 m - a scroll of identify {unknown}
Potions
 c - a potion of resistance {unknown}
 f - 2 potions of degeneration {unknown}
 h - a potion of ambrosia {unknown}
 i - a potion of attraction {unknown}
 j - a potion of curing {unknown}
 l - 2 potions of heal wounds {unknown}


   Skills:
 - Level 2.4 Fighting
 - Level 3.1 Long Blades
 - Level 1.8 Dodging
 + Level 2.4 Spellcasting
 + Level 3.5 Conjurations


You had 4 spell levels left.
You knew the following spells:

 Your Spells              Type           Power      Damage    Failure   Level
a - Kiss of Death         Conj/Necr      24%        2d7       12%         1

Your spell library contained the following spells:

 Spells                   Type           Power      Damage    Failure   Level
 Momentum Strike          Conj/Tloc      12%        3d8       19%         2
 Hailstorm                Conj/Ice       6%         3d4       34%         3


Dungeon Overview and Level Annotations

Branches:
Dungeon (2/15)

Altars:


Innate Abilities, Weirdness & Mutations

Your plain brown scales are hard. (AC +4)
You cannot fit into any form of body armour.
You are cold-blooded and may be slowed by cold attacks.


Message History

a +0 dagger; 2 stones; a kobold corpse
b - a scroll labelled CENKU UGHU
h - a lumpy yellow potion You swap places.
m - a scroll labelled NEARIKIAPO You open the door.
Your kobold dissolves into shadows!
There is an open door here.
Found 6 gold pieces.
Found a stone staircase leading up.
Your hobgoblin dissolves into shadows!
You now have 50 gold pieces (gained 6).
Your rat dissolves into shadows!
There is a stone staircase leading up here.
Your goblin dissolves into shadows!
Found a metallic amethyst potion.
Found 6 gold pieces.
f - 2 metallic amethyst potions (gained 1)
You now have 56 gold pieces (gained 6).
A hobgoblin comes into view.
The hobgoblin shouts!
You closely miss the hobgoblin. The hobgoblin barely misses you.
You hit the hobgoblin.
The hobgoblin is lightly wounded.
The hobgoblin barely misses you.
You closely miss the hobgoblin.
The hobgoblin is lightly wounded.
The hobgoblin barely misses you.
You hit the hobgoblin but do no damage.
The hobgoblin is lightly wounded.
The hobgoblin hits you but does no damage.
The hobgoblin barely misses you.
You barely miss the hobgoblin.
The hobgoblin is lightly wounded.
The hobgoblin hits you but does no damage.
You barely miss the hobgoblin.
The hobgoblin is lightly wounded.
The hobgoblin hits you.
Ouch! That really hurt!
You die...

..........
#......#.##
#.....###.#####
#####......#.......
#.............#####
#.###.#.##...## #.#
#.#.##...#
#.###.###<.......#
#.....@g..#####.##
#####.##### ##'##
#.# ##)..## #.#
##.....## ## #.#
##.......###. ...
#.........##. ...
+.........+.. ...
#.........##. ##.##
##.......###.


You could see a hobgoblin.

Vanquished Creatures
  2 dart slugs (D:1)
  2 ball pythons (D:1)
  A bat (D:1)
  3 endoplasms (D:1)
  A giant cockroach (D:1)
  4 goblins (D:1)
  2 hobgoblins (D:1)
  2 frilled lizards (D:1)
  2 kobolds
19 creatures vanquished.

Notes
Turn   | Place    | Note
-------+----------+-------------------------------------------
     0 | D:1      | LynnLen the Draconian Reaver began the quest for the Orb.
     0 | D:1      | Reached XP level 1. HP: 17/17 MP: 3/3
   225 | D:1      | Reached XP level 2. HP: 10/12 MP: 1/5
   856 | D:2      | Slain by a hobgoblin

Illustrated notes

Levels and vault maps discovered:
D:1:      evilmike_arrival_rings, layout_rooms
D:2:      layout_loops_corners, amcnicky_mini_corridor_feature,
          minmay_hedge_maze

Action                     || total
---------------------------++-------
  Melee: Falchion          ||    34
         Tailslap          ||     3
   Cast: Kiss of Death     ||     9
    Use: Scroll            ||     3
 Armour: Skin              ||    12
  Dodge: Dodged            ||    20
